 Dungeon Crawl Stone Soup version 0.31-a0-174-g85c54bcb58 (webtiles) character file.

Game seed: 2967509034421394106

480282 qw the Slayer (level 24, -6/178 HPs)
             Began as a Gargoyle Hunter on June 15, 2023.
             Was an Elder of Okawaru.
             Mangled by a doom hound (38 damage)
             ... led by Grunn
             ... on level 4 of the Depths.
             The game lasted 00:22:59 (38795 turns).

qw the Slayer (Gargoyle Hunter)                    Turns: 38795, Time: 00:23:00

Health: -6/178     AC: 46    Str: 16    XL:     24   Next: 52%
Magic:  0/35       EV: 43    Int: 13    God:    Okawaru [****..]
Gold:   2961       SH:  0    Dex: 33    Spells: 23/23 levels left

rFire   . . .        F - +8 triple crossbow (freeze)
rCold   . . .        (shield currently unavailable)
rNeg    + . .        b - +4 moon troll leather armour {Spirit, Regen++ MP+5}
rPois   inf          n - +2 helmet
rElec   +            j - +2 cloak
rCorr   .            s - +2 pair of gloves
SInv    .            d - +2 pair of boots of the Valley {Will++}
Will    +++..        E - amulet of faith
Stlth   ++++         A - ring of Werat {rPois Dex+6}
HPRegen 2.09/turn    G - +6 ring of dexterity
MPRegen 0.24/turn

%: guardian spirit, faith
@: about to teleport, heroic, finesse-ful, flying
A: sickness immunity, AC +18, big wings, negative energy resistance 1,
electricity resistance, torment resistance 1, petrification resistance
}: 3/15 runes: serpentine, barnacled, silver
a: Renounce Religion, Heroism, Finesse


You were on level 4 of the Depths.
You worshipped Okawaru.
Okawaru was greatly pleased with you.
You visited 9 branches of the dungeon, and saw 41 of its levels.
You also visited: Sewer.

You collected 6296 gold pieces.
You spent 3335 gold pieces at shops.


Innate Abilities, Weirdness & Mutations

You are immune to sickness and miasma.
Your stone body is resilient. (AC +18)
You are immune to poison.
Your large and strong wings let you fly.
You resist negative energy. (rN+)
You are resistant to electric shocks. (rElec)
You are resistant to unholy torment.
You are immune to petrification.


   Skills:
 - Level 26.0(27) Fighting
 - Level 22.0(27) Ranged Weapons
 - Level 16.0(21.0) Armour
 + Level 20.2(25.2) Dodging
 - Level 1.1(6.1) Stealth
 - Level 10.0 Invocations


You had 23 spell levels left.
You didn't know any spells.
Your spell library was empty.

Inventory:

Hand Weapons
 F - a +8 triple crossbow of freezing (weapon)
Armour
 b - the +4 moon troll leather armour (worn) {Spirit, Regen++ MP+5}
   (You found it on level 3 of the Lair of Beasts)

   MP:        It affects your magic capacity (+5).
   Regen:     It increases your rate of health regeneration.
 d - the +2 pair of boots of the Valley (worn) {Will++}
   (You bought it in a shop on level 2 of the Snake Pit)

   Will:      It greatly increases your willpower.
 e - +0 acid dragon scales
 j - a +2 cloak (worn)
 n - a +2 helmet (worn)
 q - the +3 pair of mountain boots {steadfast, rC+}
   (You found it on level 1 of the Vaults)

   Steadfast: It prevents involuntary movement, except for blinking,
   teleportation, or banishment.
   rC:        It protects you from cold.
 s - a +2 pair of gloves (worn)
 w - the +1 pair of boots of Follow the Leader {*Slow rN+ Will++ rCorr}
   (Okawaru gifted it to you on level 13 of the Dungeon)

   rN:        It protects you from negative energy.
   rCorr:     It protects you from acid and corrosion.
   *Slow:     It may slow you when you take damage.
   Will:      It greatly increases your willpower.
 B - the +1 robe of Cusecin {+Blink rF+ rN+ Slay+3}
   (You found it on level 1 of the Vaults)

   Slay:      It affects your accuracy & damage with ranged weapons and melee
   (+3).
   rF:        It protects you from fire.
   rN:        It protects you from negative energy.
   +Blink:    It lets you blink.
Jewellery
 r - a ring of resist corrosion
 u - the ring "Erralatz" {*Slow rF+ Str+5 Slay+4}
   (You took it off a vault guard on level 5 of the Vaults)

   [ring of slaying]

   Str:       It affects your strength (+5).
   Slay:      It affects your accuracy & damage with ranged weapons and melee
   (+4).
   rF:        It protects you from fire.
   *Slow:     It may slow you when you take damage.
 x - the ring "Leraleq" {rPois rCorr Str-5 Int+4 Dex+3}
   (You found it on level 1 of the Depths)

   [ring of poison resistance]

   Str:       It affects your strength (-5).
   Int:       It affects your intelligence (+4).
   Dex:       It affects your dexterity (+3).
   rPois:     It protects you from poison.
   rCorr:     It protects you from acid and corrosion.
 z - an amulet of reflection
 A - the ring of Werat (left hand) {rPois Dex+6}
   (You bought it in a shop on level 2 of the Orcish Mines)

   [ring of dexterity]

   Dex:       It affects your dexterity (+6).
   rPois:     It protects you from poison.
 E - an amulet of faith (around neck)
 G - a +6 ring of dexterity (right hand)
Wands
 y - a wand of digging (3)
Scrolls
 c - 8 scrolls of teleportation
 h - 19 scrolls of identify
 o - 6 scrolls of enchant armour
Potions
 a - 4 potions of heal wounds
 g - 14 potions of curing
 i - 3 potions of resistance
 k - 9 potions of haste
 l - 9 potions of might
 m - 8 potions of magic
 p - 7 potions of lignification
 t - 6 potions of attraction
 v - 7 potions of mutation
 C - 4 potions of cancellation

Dungeon Overview and Level Annotations

Branches:
Dungeon (15/15)            Temple (1/1) D:4            Lair (5/5) D:11
 Shoals (4/4) Lair:3        Snake (4/4) Lair:2        Slime (0/5) Lair:5
    Orc (2/2) D:11            Elf (0/3) Orc:2        Vaults (5/5) D:13
  Crypt (0/3) Vaults:2     Depths (4/4) D:15            Zot (1/5) Depths:4
  Sewer (visited)

Altars:
Ashenzari
Cheibriados
Dithmenos
Elyvilon
Fedhas
Gozag
Hepliaklqana
Kikubaaqudgha
Makhleb
Nemelex Xobeh
Okawaru
Qazlal
Ru
Sif Muna
Trog
Uskayaw
Vehumet
Wu Jian
Xom
Yredelemnul
Zin
The Shining One
Jiyva
Lugonu

Shops:
D:2 [   D:5 *   D:8 *=   D:11 *   Orc:2 (=*[   Snake:1 (   Snake:2 :[([?
Vaults:2 =   Vaults:3 ?

Portals:
Hell: Depths:1 Depths:2 Depths:3 Depths:4
Abyss: Depths:3
Pandemonium: Depths:2 Depths:3
Ziggurat: Depths:1
Trove: Vaults:1 (give 3 potions of resistance)

Annotations:
Orc:1 1 runed translucent door, Bigaod's ghost, journeyman DsGl
Vaults:2 2 runed translucent doors, Zonian's ghost, adept HOFi
Depths:1 exclusions: 3 eyes of devastation, floating eye and great orb of eyes
Depths:3 2 runed translucent doors, qw's ghost, veteran GrFi
Zot:1 Grunn


Message History

Enter note:
Enter note:
Enter note:
Enter note:
Enter note:
Enter note:
Enter note:
Enter note:
Enter note:
Enter note:
Enter note:
Enter note:
Enter note:
Enter note:
Enter note:
Enter note:
Enter note:
Enter note:
Enter note:
Enter note:
Enter note:
Enter note:
Enter note:
Enter note:
Enter note:
Enter note:
Enter note:
Enter note:
Enter note:
38795 ||| READING 9 scrolls of teleportation.
As you read the scroll of teleportation, it crumbles to dust.
You feel strangely unstable.
The doom hound completely misses you. x2
The doom hound bites you but does no damage.
The doom hound completely misses you. x2; The doom hound closely misses you.
The shadow dragon bites you but does no damage.
The shadow dragon completely misses you. x2
The doom hound barely misses you. The doom hound completely misses you.
The doom hound bites you!!!
You die...

###..#.)#'#..#..###.######
#..#.##.##.#).#'........
#..#.#...#.#..##..######
#..#q#...#.#..##...#
#..#d#...#.#..####.# #
##########..#.#...#.#..# #.#####
.........#..#.#.dy#.#..# #.#....
.........#..#.#hDd#.#..# #.#^<..
.........#..#.#D@h#.#..# #.#...#
.........#.)#.##h##.#..# #.#####
.........#..#..###..#..####....##
.........#..##.....##..#....##.##
.........#..####)####).#######'##
#'########...#....[#)..#........#
#.# #........[.)..#........#
#.#########.....#.....##........#
..........##...###...##.........#


You could see 2 shadow dragons, 3 doom hounds, 2 draconians and a moth of wrath.

Vanquished Creatures
  An ancient lich (Vaults:5)
  Mara (Vaults:2)
  3 juggernauts
  Bai Suzhen (Vaults:5)
  Vashnia (Snake:2)
  4 caustic shrikes
  Saint Roka (Depths:2)
  2 golden dragons
  4 tentacled monstrosities
  Jorgrun (Shoals:2)
  Mlioglotl (Shoals:4)
  Rupert (D:12)
  2 titans (Vaults:5)
  A lich (Depths:3)
  A quicksilver dragon (Vaults:5)
  A walking divine tome (Depths:2)
  2 acid blobs (Depths:2)
  5 sphinxes
  3 krakens
  2 ancient champions (Vaults:2)
  8 tengu reavers
  A death cob (Zot:1)
  A revenant (Vaults:2)
  6 shadow dragons
  A draconian monk (Depths:4)
  8 fire giants
  Donald (Shoals:1)
  2 azure jellies (Depths:2)
  4 nagarajas (Snake:4)
  6 storm dragons
  27 vault wardens
  8 frost giants
  3 rockslimes (Depths:2)
  4 deep elf sorcerers (Vaults:5)
  A draconian shifter (Depths:4)
  A caustic shrike zombie (D:15)
  Aizul (Snake:2)
  A draconian stormcaller (Zot:1)
  17 ironbound preservers
  3 war gargoyles (Vaults:5)
  2 orc warlords
  2 formless jellyfish
  5 quicksilver oozes (Depths:2)
  18 very ugly things
  2 spriggan defenders
  2 vampire knights
  A green draconian (Depths:4)
  19 stone giants
  8 ironbound thunderhulks
  A white draconian (Depths:4)
  Azrael (Orc:2)
  4 black draconians
  A spark wasp (shapeshifter) (Vaults:5)
  13 dire elephants
  A deep elf annihilator (Vaults:5)
  A purple draconian (Depths:4)
  5 spark wasps
  A deep elf death mage (Vaults:5)
  18 ettins
  Josephine (Orc:2)
  An entropy weaver (Vaults:5)
  3 merfolk javelineers (Shoals:4)
  6 fire dragons
  7 merfolk impalers
  17 yaktaur captains
  4 great orbs of eyes
  A deep elf high priest (Vaults:5)
  8 rakshasas
  2 salamander tyrants
  9 ice dragons
  2 catoblepae
  2 alligator snapping turtles
  6 hydras
  44 vault guards
  2 spriggan air magi
  7 boulder beetles
  3 anacondas
  4 merfolk avatars
  26 centaur warriors
  Erica (Lair:1)
  2 ogre magi (D:15)
  6 merfolk aquamancers
  9 ironbound frosthearts
  4 deep troll shamans
  An alligator (shapeshifter) (Depths:2)
  An alligator (Lair:3)
  3 deep troll earth magi
  11 death yaks
  3 vampire magi
  12 two-headed ogres
  4 tengu warriors
  4 satyrs
  18 naga warriors
  12 shock serpents
  9 naga sharpshooters
  Urug (D:13)
  A deep elf knight (Vaults:5)
  2 orc high priests (Orc:2)
  5 spriggan berserkers
  16 hell knights
  A soul eater (Depths:3)
  A titan skeleton (Vaults:4)
  2 fire crabs (Lair:3)
  9 skeletal warriors
  3 iron trolls
  9 skysharks
  2 sun demons
  12 sea snakes
  3 salamander mystics
  5 glowing orange brains
  A swamp dragon (shapeshifter) (Depths:3)
  A shadow demon (Depths:3)
  30 deep trolls
  6 wizards
  An orange crystal statue (Depths:1)
  4 lindwurms
  10 necromancers
  3 flayed ghosts
  18 harpies
  A steelbarb worm (shapeshifter) (Vaults:5)
  2 deep elf zephyrmancers (Vaults:5)
  8 naga ritualists
  3 deep elf pyromancers
  3 phantasmal warriors (Vaults:5)
  9 orc knights
  30 ugly things
  2 oklob plants (Lair:5)
  23 ironbound convokers
  7 mana vipers
  15 fauns
  A frost giant zombie (D:15)
  4 orc sorcerers
  A shadow dragon skeleton (D:15)
  9 salamanders
  7 cyclopes
  12 manticores
  A human skeleton (Vaults:4)
  9 elephants
  An ice statue (D:14)
  9 merfolk sirens
  23 vault sentinels
  5 guardian serpents
  2 orange demons (Depths:3)
  31 black mambas
  3 torpor snails
  9 water nymphs
  2 guardian serpents (shapeshifter)
  24 naga magi
  4 gargoyles
  2 smoke demons (Depths:1)
  13 cane toads
  A human zombie (Vaults:4)
  5 rime drakes
  3 unseen horrors
  10 komodo dragons
  51 yaktaurs
  A kobold demonologist (D:10)
  3 freezing wraiths (Vaults:5)
  2 tengu conjurers
  An ice devil (Depths:3)
  A guardian mummy (D:15)
  9 trolls
  A hellwing (Depths:3)
  4 polar bears
  22 merfolk
  Grinder (D:3)
  6 wind drakes
  7 hornets
  24 blink frogs
  Prince Ribbit (Lair:1)
  4 dream sheep (Lair:5)
  20 slime creatures
  8 snapping turtles
  11 spriggans
  3 wyverns
  9 water elementals
  9 wraiths
  2 shadows
  3 fire elementals
  67 yaks
  A spriggan skeleton (D:15)
  2 steam dragons (Lair:3)
  4 golden eyes (Depths:2)
  6 basilisks
  A neqoxec (Depths:3)
  2 redbacks (Vaults:5)
  2 chaos spawn (Depths:3)
  Menkaure (D:7)
  4 wargs (Orc:2)
  11 vampire mosquitoes
  65 nagas
  4 acid dragons
  4 hell hounds (Orc:2)
  19 water moccasins
  A floating eye (Depths:3)
  6 black bears
  25 orc warriors
  2 ice beasts
  10 ogres
  29 wolves
  3 boggarts
  7 centaurs
  2 phantoms
  An elf simulacrum (Vaults:4)
  14 kobold brigands
  16 bullfrogs
  A gnoll sergeant (D:13)
  4 scorpions
  5 wights (D:7)
  A human simulacrum (Vaults:4)
  7 killer bees
  An electric eel (Lair:3)
  3 howler monkeys
  A crimson imp (D:7)
  2 gnoll boudas
  17 orc priests
  4 hounds
  5 jellies
  Jessica (D:3)
  2 sleepcaps
  Ijyb (D:3)
  3 iguanas
  15 orc wizards
  11 adders
  14 gnolls
  2 shadow imps
  2 white imps
  An ufetubus (D:6)
  4 worms
  A worm (shapeshifter) (Vaults:5)
  52 orcs
  9 ball pythons
  7 endoplasms
  3 giant cockroaches
  8 goblins
  A hobgoblin (D:3)
  4 quokkas
  13 bats
  5 frilled lizards
  28 kobolds
  9 rats
  A fire vortex (Depths:1)
  4 tentacles
1706 creatures vanquished.

Vanquished Creatures (others)
  2 wizards
  A slime creature (Vaults:2)
  A naga (Snake:4)
  An orc wizard (Orc:2)
  22 tentacles
27 creatures vanquished.

Grand Total: 1733 creatures vanquished

Notes
Turn   | Place    | Note
-------+----------+-------------------------------------------
     0 | D:1      | qw the Gargoyle Hunter began the quest for the Orb.
     0 | D:1      | Reached XP level 1. HP: 12/12 MP: 1/1
     0 | D:1      | 0 ||| qw: Version: 0.2-a-29-g511e9b1
     0 | D:1      | 0 ||| qw: Game counter: 5253
     0 | D:1      | 0 ||| qw: Always use a shield: true
     0 | D:1      | 0 ||| qw: God list: Okawaru
     0 | D:1      | 0 ||| qw: Allow faded altars: false
     0 | D:1      | 0 ||| qw: Do Orc after D:15 true
     0 | D:1      | 0 ||| qw: Do second Lair branch before Depths: true
     0 | D:1      | 0 ||| qw: Lair rune preference: random
     0 | D:1      | 0 ||| qw: Plans: Normal, Zot:1-4, Slime:5, God:TSO, Crypt,
                  | Tomb, Abyss, Pan, Hells, Win
     0 | D:1      | 0 ||| PLANNING D:1-11
   210 | D:1      | HP: 2/12 [kobold/+0 whip (3)]
   298 | D:1      | Reached XP level 2. HP: 17/17 MP: 2/2
   750 | D:1      | 750 ||| UPGRADING to +0 ring mail.
   760 | D:1      | 760 ||| DROPPING +0 leather armour.
   761 | D:1      | 761 ||| READING 2 scrolls labelled YMAICK HU IFOLO.
   762 | D:1      | 762 ||| READING scroll labelled MYKHLA XISOIGE.
   763 | D:1      | 763 ||| READING scroll labelled WEL XOODUOKOE.
   767 | D:1      | 767 ||| DROPPING scroll of butterflies.
   864 | D:2      | Found a faded altar of an unknown god.
   922 | D:2      | Found Qefeleyw's Armour Emporium.
   931 | D:2      | 931 ||| SHOPLISTING +0 pair of boots (54 gold, have 35).
   931 | D:2      | 931 ||| SHOPLISTING +2 ring mail of Entitlement {Int+3}
                  | (327 gold, have 35).
   999 | D:2      | Reached skill level 1 in Armour
   999 | D:2      | Reached XP level 3. HP: 21/21 MP: 3/3
  1102 | D:2      | Found a radiant altar of Vehumet.
  1403 | D:2      | 1403 ||| DROPPING amulet of magic regeneration.
  1404 | D:2      | 1404 ||| UPGRADING to amulet of regeneration.
  1409 | D:2      | 1409 ||| READING scroll labelled EFYSAG XUNUK.
  1410 | D:2      | 1410 ||| READING scroll labelled DEYNOIHEDEN.
  1411 | D:2      | 1411 ||| READING 2 scrolls labelled ECOYBRA HOS MOIFA.
  1440 | D:3      | 1440 ||| PLANNING SEWER
  1450 | D:3      | 1450 ||| Stepping ~*~*~tactically~*~*~ (outnumbered).
  1465 | D:3      | Reached skill level 3 in Fighting
  1465 | D:3      | Reached XP level 4. HP: 24/28 MP: 4/4
  1519 | D:3      | Identified the +8 longbow of Kiurhuem {drain, rPois Stlth+}
  1521 | D:3      | 1521 ||| UPGRADING to +8 longbow of Kiurhuem {drain, rPois
                  | Stlth+}.
  1534 | D:3      | Reached XP level 5. HP: 32/32 MP: 5/5
  1535 | D:3      | Noticed Jessica
  1536 | D:3      | Killed Jessica
  1570 | D:3      | Noticed Grinder
  1576 | D:3      | Killed Grinder
  1577 | D:3      | Reached XP level 6. HP: 37/37 MP: 6/6
  1757 | D:3      | Noticed Ijyb
  1780 | D:3      | Killed Ijyb
  1839 | D:3      | Found a glowing drain.
  1840 | D:3      | 1840 ||| UPGRADING to +0 cloak.
  1845 | D:3      | 1845 ||| READING 2 scrolls of enchant armour.
  1845 | D:3      | 1845 ||| ENCHANTING +0 cloak.
  1846 | D:3      | 1846 ||| READING scroll of enchant armour.
  1846 | D:3      | 1846 ||| ENCHANTING +1 cloak.
  1847 | D:3      | 1847 ||| READING scroll labelled PUOCUB KAFUNADD.
  1848 | D:3      | 1848 ||| DRINKING 2 lumpy inky potions.
  1849 | D:3      | 1849 ||| READING 2 scrolls of identify.
  1849 | D:3      | 1849 ||| IDENTIFYING fuming yellow potion
  1852 | D:3      | 1852 ||| DROPPING potion of brilliance.
  1853 | D:3      | 1853 ||| DROPPING potion of degeneration.
  1864 | D:3      | Reached skill level 4 in Fighting
  1875 | Sewer    | Entered a sewer
  1917 | Sewer    | Reached XP level 7. HP: 43/43 MP: 7/7
  2021 | Sewer    | Reached skill level 5 in Fighting
  2056 | Sewer    | Reached XP level 8. HP: 49/49 MP: 8/8
  2111 | Sewer    | 2111 ||| Stepping ~*~*~tactically~*~*~ (water).
  2113 | Sewer    | 2113 ||| Stepping ~*~*~tactically~*~*~ (water).
  2152 | Sewer    | 2152 ||| Stepping ~*~*~tactically~*~*~ (water).
  2291 | Sewer    | 2291 ||| Stepping ~*~*~tactically~*~*~ (water).
  2293 | Sewer    | 2293 ||| Stepping ~*~*~tactically~*~*~ (water).
  2295 | Sewer    | 2295 ||| Stepping ~*~*~tactically~*~*~ (water).
  2358 | Sewer    | 2358 ||| Stepping ~*~*~tactically~*~*~ (water).
  2368 | Sewer    | 2368 ||| READING scroll labelled MUCOOL NUAR.
  2369 | Sewer    | 2369 ||| READING scroll labelled COAFON PARYCK.
  2395 | D:3      | 2395 ||| PLANNING D:1-11
  2485 | D:3      | Found a shimmering altar of Xom.
  2486 | D:3      | Found a hazy altar of Hepliaklqana.
  2487 | D:3      | Noticed a spectral ugly thing
  2780 | D:4      | Found an opulent altar of Gozag.
  3165 | D:4      | Found an ancient bone altar of Kikubaaqudgha.
  3251 | D:4      | Found a staircase to the Ecumenical Temple.
  3252 | D:4      | 3252 ||| PLANNING TEMPLE
  3252 | D:4      | 3252 ||| UPGRADING to +0 helmet.
  3257 | D:4      | 3257 ||| READING scroll of enchant armour.
  3257 | D:4      | 3257 ||| ENCHANTING +0 helmet.
  3258 | D:4      | 3258 ||| READING scroll labelled SUGIDO RUAKIGH.
  3267 | Temple   | Entered the Ecumenical Temple
  3267 | Temple   | Found a transporter.
  3267 | Temple   | Found a transporter.
  3269 | Temple   | Found a transporter.
  3269 | Temple   | Found a transporter.
  3279 | Temple   | 3279 ||| PLANNING D:1-11
  3339 | D:4      | Reached skill level 9 in Ranged Weapons
  3398 | D:4      | 3398 ||| DROPPING +0 shortbow.
  3428 | D:5      | Entered Level 5 of the Dungeon
  3643 | D:5      | Found Oziocokk's Assorted Antiques.
  3647 | D:5      | 3647 ||| BUYING scroll labelled LOEFYIJ LUCO (26 gold).
  3647 | D:5      | Bought a scroll labelled LOEFYIJ LUCO for 26 gold pieces
  3647 | D:5      | 3647 ||| BUYING scroll labelled ULYRUEFUDD (26 gold).
  3647 | D:5      | Bought a scroll labelled ULYRUEFUDD for 26 gold pieces
  3679 | D:5      | Reached skill level 6 in Fighting
  3744 | D:5      | Found a shimmering blue altar of Sif Muna.
  3993 | D:5      | Found a shadowy altar of Dithmenos.
  4162 | D:5      | Reached XP level 9. HP: 55/55 MP: 9/9
  4237 | D:5      | Found an iron altar of Okawaru.
  4237 | D:5      | Found a sacrificial altar of Ru.
  4238 | D:5      | 4238 ||| PLANNING OKAWARU WORSHIP
  4238 | D:5      | 4238 ||| READING 2 scrolls labelled LOEFYIJ LUCO.
  4239 | D:5      | 4239 ||| READING scroll labelled ULYRUEFUDD.
  4240 | D:5      | 4240 ||| READING 2 scrolls labelled JUMEOC RISHRO.
  4241 | D:5      | 4241 ||| READING scroll labelled QUOTIG EHUIMUTT.
  4242 | D:5      | 4242 ||| DRINKING 3 fuming black potions.
  4243 | D:5      | 4243 ||| DRINKING 3 white potions.
  4244 | D:5      | 4244 ||| READING 5 scrolls of identify.
  4244 | D:5      | 4244 ||| IDENTIFYING clear potion
  4245 | D:5      | 4245 ||| READING 4 scrolls of identify.
  4245 | D:5      | 4245 ||| IDENTIFYING glowing sapphire potion
  4246 | D:5      | 4246 ||| READING 3 scrolls of identify.
  4246 | D:5      | 4246 ||| IDENTIFYING pink potion
  4247 | D:5      | 4247 ||| DROPPING potion of berserk rage.
  4248 | D:5      | 4248 ||| DROPPING scroll of fog.
  4249 | D:5      | 4249 ||| DROPPING scroll of poison.
  4254 | D:5      | Became a worshipper of Warmaster Okawaru
  4255 | D:5      | 4255 ||| PLANNING D:1-11
  4342 | D:6      | Reached skill level 3 in Armour
  4478 | D:6      | Found a white marble altar of Elyvilon.
  4523 | D:6      | Reached skill level 7 in Fighting
  5102 | D:6      | 5102 ||| DROPPING ring of flight.
  5152 | D:7      | 5152 ||| PLANNING OSSUARY
  5183 | D:7      | 5183 ||| Stepping ~*~*~tactically~*~*~ (outnumbered).
  5250 | D:7      | Noticed Menkaure
  5253 | D:7      | Killed Menkaure
  5412 | D:7      | Reached skill level 3 in Dodging
  5420 | D:7      | Reached * piety under Okawaru
  5482 | D:7      | Reached skill level 1 in Invocations
  5646 | D:7      | Found a sparkling altar of Nemelex Xobeh.
  5833 | D:7      | 5833 ||| RIP OSSUARY
  5878 | D:7      | 5878 ||| PLANNING D:1-11
  5987 | D:7      | 5987 ||| READING scroll labelled CUJ BOETWA.
  5998 | D:7      | 5998 ||| READING scroll labelled QEZYTO ATEUZA.
  6099 | D:7      | 6099 ||| READING 4 scrolls of identify.
  6099 | D:7      | 6099 ||| IDENTIFYING sapphire potion
  6128 | D:8      | Noticed a two-headed ogre
  6129 | D:8      | 6129 ||| INVOKING Heroism.
  6134 | D:8      | Killed a two-headed ogre
  6135 | D:8      | Reached skill level 8 in Fighting
  6135 | D:8      | Reached XP level 10. HP: 65/65 MP: 9/13
  6205 | D:8      | 6205 ||| Stepping ~*~*~tactically~*~*~ (outnumbered).
  6209 | D:8      | 6209 ||| Stepping ~*~*~tactically~*~*~ (outnumbered).
  6212 | D:8      | 6212 ||| Stepping ~*~*~tactically~*~*~ (outnumbered).
  6214 | D:8      | 6214 ||| Stepping ~*~*~tactically~*~*~ (outnumbered).
  6217 | D:8      | 6217 ||| Stepping ~*~*~tactically~*~*~ (outnumbered).
  6232 | D:8      | 6232 ||| INVOKING Heroism.
  6258 | D:8      | Found Zutin's Jewellery Shoppe.
  6267 | D:8      | 6267 ||| BUYING ring of protection from cold (300 gold).
  6267 | D:8      | Bought a ring of protection from cold for 300 gold pieces
  6267 | D:8      | 6267 ||| SHOPLISTING ring of see invisible (180 gold, have
                  | 108).
  6267 | D:8      | 6267 ||| SHOPLISTING ring of willpower (300 gold, have
                  | 108).
  6313 | D:8      | Noticed a cyclops
  6314 | D:8      | 6314 ||| INVOKING Heroism.
  6318 | D:8      | Killed a cyclops
  6331 | D:8      | 6331 ||| Stepping ~*~*~tactically~*~*~ (outnumbered).
  6348 | D:8      | Found Nerottel's Changing Room.
  6363 | D:8      | 6363 ||| BUYING 2 potions of lignification (72 gold).
  6363 | D:8      | Bought 2 potions of lignification for 72 gold pieces
  6363 | D:8      | 6363 ||| BUYING potion of lignification (36 gold).
  6363 | D:8      | Bought a potion of lignification for 36 gold pieces
  6363 | D:8      | 6363 ||| SHOPLISTING potion of mutation (96 gold, have 13).
  6378 | D:8      | 6378 ||| INVOKING Heroism.
  6424 | D:8      | Reached ** piety under Okawaru
  6437 | D:8      | Reached skill level 12 in Ranged Weapons
  6508 | D:8      | 6508 ||| INVOKING Heroism.
  6677 | D:8      | 6677 ||| UPGRADING to ring of protection from cold.
  6695 | D:9      | 6695 ||| STAIRDANCE
  6697 | D:9      | 6697 ||| STAIRDANCE
  6699 | D:8      | 6699 ||| DRINKING 2 potions of curing.
  6699 | D:8      | 6699 ||| (to cure confusion)
  6704 | D:9      | 6704 ||| STAIRDANCE
  6746 | D:9      | 6746 ||| INVOKING Heroism.
  6980 | D:9      | Noticed a centaur warrior
  6983 | D:9      | 6983 ||| INVOKING Heroism.
  6986 | D:9      | Killed a centaur warrior
  6986 | D:9      | Reached *** piety under Okawaru
  6987 | D:9      | Reached skill level 9 in Fighting
  6987 | D:9      | Reached XP level 11. HP: 44/71 MP: 11/14
  7045 | D:9      | 7045 ||| READING scroll of enchant armour.
  7045 | D:9      | 7045 ||| ENCHANTING +1 helmet.
  7056 | D:9      | 7056 ||| INVOKING Heroism.
  7132 | D:9      | Found a radiant altar of Vehumet.
  7464 | D:9      | 7464 ||| UPGRADING to +0 pair of boots.
  7469 | D:9      | 7469 ||| UPGRADING to +0 troll leather armour.
  7479 | D:9      | 7479 ||| DROPPING +0 ring mail.
  7480 | D:9      | 7480 ||| READING 7 scrolls of identify.
  7480 | D:9      | 7480 ||| IDENTIFYING golden potion
  7481 | D:9      | 7481 ||| READING 6 scrolls of identify.
  7481 | D:9      | 7481 ||| IDENTIFYING bubbling clear potion
  7482 | D:9      | 7482 ||| DROPPING potion of invisibility.
  7524 | D:10     | Entered Level 10 of the Dungeon
  7618 | D:10     | Identified the +6 quarterstaff of the Arena {vamp, *Rage
                  | *Slow rElec Will+++}
  7619 | D:10     | 7619 ||| DROPPING +0 orcbow.
  7643 | D:10     | Received a gift from Okawaru
  7709 | D:10     | Noticed a two-headed ogre
  7710 | D:10     | 7710 ||| INVOKING Heroism.
  7714 | D:10     | Killed a two-headed ogre
  7741 | D:10     | 7741 ||| Stepping ~*~*~tactically~*~*~ (outnumbered).
  7743 | D:10     | 7743 ||| Stepping ~*~*~tactically~*~*~ (outnumbered).
  7745 | D:10     | 7745 ||| Stepping ~*~*~tactically~*~*~ (outnumbered).
  7747 | D:10     | 7747 ||| Stepping ~*~*~tactically~*~*~ (outnumbered).
  7749 | D:10     | 7749 ||| Stepping ~*~*~tactically~*~*~ (outnumbered).
  7769 | D:10     | Reached **** piety under Okawaru
  7809 | D:10     | 7809 ||| INVOKING Heroism.
  7831 | D:10     | Reached skill level 10 in Fighting
  8028 | D:10     | Noticed a two-headed ogre
  8029 | D:10     | 8029 ||| INVOKING Heroism.
  8032 | D:10     | Killed a two-headed ogre
  8033 | D:10     | Reached skill level 6 in Invocations
  8348 | D:10     | 8348 ||| READING 6 scrolls of identify.
  8348 | D:10     | 8348 ||| IDENTIFYING murky golden potion
  8349 | D:10     | 8349 ||| READING 5 scrolls of identify.
  8349 | D:10     | 8349 ||| IDENTIFYING yellow potion
  8350 | D:10     | 8350 ||| READING 4 scrolls of identify.
  8350 | D:10     | 8350 ||| IDENTIFYING blue potion
  8351 | D:10     | 8351 ||| DROPPING potion of enlightenment.
  8397 | D:11     | Reached ***** piety under Okawaru
  8421 | D:11     | Found a staircase to the Orcish Mines.
  8492 | D:11     | Reached XP level 12. HP: 77/77 MP: 17/17
  8496 | D:11     | Found a staircase to the Lair.
  8658 | D:11     | Noticed a two-headed ogre
  8663 | D:11     | Killed a two-headed ogre
  8730 | D:11     | Identified a scroll of acquirement
  8736 | D:11     | 8736 ||| READING scroll of acquirement.
  8736 | D:11     | 8736 ||| ACQUIRING 761 gold pieces
  8736 | D:11     | Acquired 761 gold pieces
  8784 | D:11     | Found Xeejeus's Assorted Antiques.
  8792 | D:11     | 8792 ||| BUYING potion of curing (57 gold).
  8792 | D:11     | Bought a potion of curing for 57 gold pieces
  8864 | D:11     | Received a gift from Okawaru
  8865 | D:11     | Reached skill level 15 in Ranged Weapons
  8866 | D:11     | 8866 ||| DROPPING +0 arbalest.
  9130 | D:11     | 9130 ||| PLANNING LAIR
  9130 | D:11     | 9130 ||| DROPPING +0 cloak of poison resistance.
  9131 | D:11     | 9131 ||| DRINKING 2 amethyst potions.
  9132 | D:11     | 9132 ||| DRINKING 3 potions of curing.
  9132 | D:11     | 9132 ||| (to cure confusion)
  9133 | D:11     | 9133 ||| DROPPING potion of ambrosia.
  9173 | Lair:1   | Entered Level 1 of the Lair of Beasts
  9562 | Lair:1   | Reached skill level 9 in Invocations
  9659 | Lair:1   | Noticed Erica
  9660 | Lair:1   | 9660 ||| INVOKING Heroism.
  9661 | Lair:1   | 9661 ||| INVOKING Finesse.
  9665 | Lair:1   | Killed Erica
  9823 | Lair:1   | 9823 ||| INVOKING Heroism.
  9825 | Lair:1   | Noticed Prince Ribbit
  9839 | Lair:1   | Killed Prince Ribbit
 10028 | Lair:1   | 10028 ||| UPGRADING to ring of resist corrosion.
 10042 | Lair:2   | Identified the +4 triple crossbow of Resumed Hostilities
                  | {penet, rN+ Int+4} (Okawaru gifted it to you on level 2 of
                  | the Lair of Beasts)
 10042 | Lair:2   | Received a gift from Okawaru
 10044 | Lair:2   | 10044 ||| UPGRADING to +4 triple crossbow of Resumed
                  | Hostilities {penet, rN+ Int+4}.
 10045 | Lair:2   | 10045 ||| DROPPING +8 longbow of Kiurhuem {drain, rPois
                  | Stlth+}.
 10060 | Lair:2   | Found a staircase to the Snake Pit.
 10141 | Lair:2   | 10141 ||| INVOKING Heroism.
 10262 | Lair:2   | Reached XP level 13. HP: 65/82 MP: 20/20
 10347 | Lair:2   | 10347 ||| INVOKING Heroism.
 10389 | Lair:2   | 10389 ||| INVOKING Heroism.
 10514 | Lair:2   | Reached skill level 11 in Fighting
 10597 | Lair:3   | 10597 ||| INVOKING Heroism.
 10602 | Lair:3   | Received a gift from Okawaru
 10645 | Lair:3   | 10645 ||| INVOKING Heroism.
 10699 | Lair:3   | Found a dark tunnel.
 10774 | Lair:3   | 10774 ||| INVOKING Heroism.
 10845 | Lair:3   | 10845 ||| INVOKING Heroism.
 10846 | Lair:3   | Noticed a dire elephant
 10849 | Lair:3   | Killed a dire elephant
 11009 | Lair:3   | 11009 ||| INVOKING Heroism.
 11014 | Lair:3   | Reached skill level 6 in Dodging
 11014 | Lair:3   | 11014 ||| INVOKING Finesse.
 11083 | Lair:3   | 11083 ||| INVOKING Heroism.
 11116 | Lair:3   | Found a staircase to the Shoals.
 11134 | Lair:3   | 11134 ||| FLEEEEING.
 11135 | Lair:3   | 11135 ||| FLEEEEING.
 11137 | Lair:3   | 11137 ||| FLEEEEING.
 11140 | Lair:3   | 11140 ||| INVOKING Heroism.
 11155 | Lair:3   | 11155 ||| INVOKING Finesse.
 11232 | Lair:3   | 11232 ||| INVOKING Heroism.
 11379 | Lair:3   | Found the +4 moon troll leather armour {Spirit, Regen++
                  | MP+5}
 11381 | Lair:3   | 11381 ||| INVOKING Heroism.
 11395 | Lair:3   | Reached skill level 18 in Ranged Weapons
 11396 | Lair:3   | Gained mutation: Your large and strong wings let you fly.
                  | [Gargoyle growth]
 11396 | Lair:3   | Reached XP level 14. HP: 90/90 MP: 21/21
 11541 | Lair:3   | 11541 ||| UPGRADING to +4 moon troll leather armour
                  | {Spirit, Regen++ MP+5}.
 11551 | Lair:3   | 11551 ||| DROPPING +0 troll leather armour.
 11703 | Lair:4   | Reached skill level 12 in Fighting
 11787 | Lair:4   | Reached skill level 6 in Armour
 11908 | Lair:4   | 11908 ||| INVOKING Heroism.
 11909 | Lair:4   | 11909 ||| INVOKING Finesse.
 12377 | Lair:4   | 12377 ||| UPGRADING to +2 pair of gloves.
 12406 | Lair:5   | Entered Level 5 of the Lair of Beasts
 12407 | Lair:5   | 12407 ||| INVOKING Heroism.
 12408 | Lair:5   | 12408 ||| INVOKING Finesse.
 12480 | Lair:5   | Identified the +0 pair of gloves of Kitunydi {Str+5 Int-5}
                  | (Okawaru gifted it to you on level 5 of the Lair of Beasts)
 12480 | Lair:5   | Received a gift from Okawaru
 12485 | Lair:5   | 12485 ||| INVOKING Heroism.
 12486 | Lair:5   | 12486 ||| INVOKING Finesse.
 12529 | Lair:5   | 12529 ||| INVOKING Heroism.
 12530 | Lair:5   | 12530 ||| INVOKING Finesse.
 12531 | Lair:5   | 12531 ||| INVOKING Finesse.
 12825 | Lair:5   | 12825 ||| INVOKING Heroism.
 12848 | Lair:5   | Found a viscous altar of Jiyva.
 12848 | Lair:5   | Found a staircase to the Slime Pits.
 13075 | Lair:5   | Reached skill level 13 in Fighting
 13127 | Lair:5   | 13127 ||| INVOKING Heroism.
 13142 | Lair:5   | Reached XP level 15. HP: 74/98 MP: 16/22
 13199 | Lair:5   | 13199 ||| INVOKING Heroism.
 13200 | Lair:5   | 13200 ||| INVOKING Finesse.
 13444 | Lair:5   | Identified the +4 dagger "Vecol" {freeze, rF+}
 13450 | Lair:5   | 13450 ||| PLANNING D
 13450 | Lair:5   | 13450 ||| DROPPING +0 pair of gloves of Kitunydi {Str+5
                  | Int-5}.
 13451 | Lair:5   | 13451 ||| DROPPING ring of wizardry.
 13826 | D:12     | Noticed Rupert
 13827 | D:12     | 13827 ||| INVOKING Heroism.
 13830 | D:12     | Paralysed by Rupert for 3 turns
 13833 | D:12     | 13833 ||| DRINKING 5 potions of curing.
 13833 | D:12     | 13833 ||| (to cure confusion)
 13837 | D:12     | Killed Rupert
 13837 | D:12     | Received a gift from Okawaru
 14223 | D:13     | Noticed Urug
 14224 | D:13     | 14224 ||| INVOKING Heroism.
 14231 | D:13     | Killed Urug
 14325 | D:13     | Found a gate to the Vaults.
 14352 | D:13     | Identified the +1 pair of boots of Follow the Leader {*Slow
                  | rN+ Will++ rCorr} (Okawaru gifted it to you on level 13 of
                  | the Dungeon)
 14352 | D:13     | Received a gift from Okawaru
 14432 | D:13     | 14432 ||| Stepping ~*~*~tactically~*~*~ (outnumbered).
 14812 | D:13     | 14812 ||| UPGRADING to +1 pair of boots of Follow the
                  | Leader {*Slow rN+ Will++ rCorr}.
 14822 | D:13     | 14822 ||| REMOVING ring of resist corrosion.
 14895 | D:14     | Found a hide-covered altar of Uskayaw.
 15196 | D:14     | Found a frozen archway.
 15197 | D:14     | 15197 ||| INVOKING Heroism.
 15198 | D:14     | 15198 ||| INVOKING Finesse.
 15202 | D:14     | 15202 ||| Stepping ~*~*~tactically~*~*~ (cloud).
 15435 | D:14     | Reached skill level 14 in Fighting
 15568 | D:15     | Entered Level 15 of the Dungeon
 15604 | D:15     | 15604 ||| INVOKING Heroism.
 15680 | D:15     | 15680 ||| FLEEEEING.
 15681 | D:15     | 15681 ||| FLEEEEING.
 15682 | D:15     | 15682 ||| FLEEEEING.
 15683 | D:15     | 15683 ||| FLEEEEING.
 15684 | D:15     | 15684 ||| FLEEEEING.
 15685 | D:15     | 15685 ||| FLEEEEING.
 15686 | D:15     | 15686 ||| FLEEEEING.
 15687 | D:15     | 15687 ||| FLEEEEING.
 15688 | D:15     | 15688 ||| FLEEEEING.
 15689 | D:15     | 15689 ||| FLEEEEING.
 15694 | D:15     | 15694 ||| FLEEEEING.
 15750 | D:15     | Found a staircase to the Depths.
 15761 | D:15     | 15761 ||| INVOKING Heroism.
 15884 | D:15     | 15884 ||| INVOKING Heroism.
 15889 | D:15     | Reached XP level 16. HP: 106/106 MP: 23/23
 16042 | D:15     | 16042 ||| INVOKING Heroism.
 16058 | D:15     | Reached skill level 21 in Ranged Weapons
 16167 | D:15     | Found a hazy altar of Hepliaklqana.
 16389 | D:15     | 16389 ||| INVOKING Heroism.
 16432 | D:15     | Reached skill level 15 in Fighting
 16574 | D:15     | 16574 ||| PLANNING ORC
 16668 | Orc:1    | Entered Level 1 of the Orcish Mines
 16684 | Orc:1    | 16684 ||| INVOKING Heroism.
 16691 | Orc:1    | Identified the +7 orcbow "Eta Wies" {antimagic, rC+ Int+4}
                  | (Okawaru gifted it to you on level 1 of the Orcish Mines)
 16691 | Orc:1    | Received a gift from Okawaru
 16899 | Orc:2    | Entered Level 2 of the Orcish Mines
 16900 | Orc:2    | 16900 ||| INVOKING Heroism.
 16902 | Orc:2    | Noticed Azrael
 16903 | Orc:2    | 16903 ||| INVOKING Finesse.
 16927 | Orc:2    | Killed Azrael
 16936 | Orc:2    | Reached skill level 9 in Dodging
 16997 | Orc:2    | Found Baarienk's Jewellery Shop.
 17010 | Orc:2    | 17010 ||| BUYING +5 ring of evasion (468 gold).
 17010 | Orc:2    | Bought a +5 ring of evasion for 468 gold pieces
 17010 | Orc:2    | 17010 ||| BUYING amulet of reflection (390 gold).
 17010 | Orc:2    | Bought an amulet of reflection for 390 gold pieces
 17010 | Orc:2    | 17010 ||| BUYING ring of Werat {rPois Dex+6} (613 gold).
 17010 | Orc:2    | Bought the ring of Werat {rPois Dex+6} for 613 gold pieces
 17031 | Orc:2    | Found Moofouna's Antique Weapon Shoppe.
 17072 | Orc:2    | Noticed Josephine
 17076 | Orc:2    | Killed Josephine
 17084 | Orc:2    | 17084 ||| UPGRADING to amulet of reflection.
 17094 | Orc:2    | 17094 ||| DROPPING amulet of regeneration.
 17095 | Orc:2    | 17095 ||| UPGRADING to +5 ring of evasion.
 17096 | Orc:2    | 17096 ||| UPGRADING to ring of Werat {rPois Dex+6}.
 17107 | Orc:1    | Found a runed translucent door.
 17108 | Orc:1    | Noticed Bigaod's ghost (journeyman DsGl)
 17204 | Orc:1    | 17204 ||| Stepping randomly (stuck).
 17383 | Orc:2    | 17383 ||| INVOKING Heroism.
 17395 | Orc:2    | Found Zamu's Antique Armour Shoppe.
 17405 | Orc:2    | Found a staircase to the Elven Halls.
 17462 | Orc:2    | 17462 ||| INVOKING Heroism.
 17471 | Orc:2    | Found Zoevidya's General Store.
 17488 | Orc:2    | 17488 ||| BUYING potion of heal wounds (90 gold).
 17488 | Orc:2    | Bought a potion of heal wounds for 90 gold pieces
 17712 | Orc:2    | 17712 ||| PLANNING SHOALS:1-3
 17842 | Shoals:1 | Entered Level 1 of the Shoals
 17920 | Shoals:1 | 17920 ||| INVOKING Heroism.
 18057 | Shoals:1 | Noticed Donald
 18058 | Shoals:1 | 18058 ||| INVOKING Heroism.
 18059 | Shoals:1 | 18059 ||| INVOKING Finesse.
 18061 | Shoals:1 | Killed Donald
 18163 | Shoals:1 | Found a shimmering blue altar of Sif Muna.
 18168 | Shoals:1 | Noticed a kraken
 18185 | Shoals:1 | Killed a kraken
 18237 | Shoals:1 | 18237 ||| INVOKING Heroism.
 18263 | Shoals:1 | Noticed a kraken
 18271 | Shoals:1 | 18271 ||| INVOKING Heroism.
 18275 | Shoals:1 | HP: 27/108 [kraken (1)]
 18276 | Shoals:1 | 18276 ||| READING 6 scrolls of teleportation.
 18277 | Shoals:1 | 18277 ||| DRINKING 5 potions of heal wounds.
 18279 | Shoals:1 | 18279 ||| DRINKING 4 potions of heal wounds.
 18485 | Shoals:1 | 18485 ||| INVOKING Heroism.
 18532 | Shoals:1 | Killed a kraken
 18893 | Shoals:2 | Noticed Jorgrun
 18894 | Shoals:2 | 18894 ||| INVOKING Heroism.
 18895 | Shoals:2 | 18895 ||| INVOKING Finesse.
 18901 | Shoals:2 | Killed Jorgrun
 18907 | Shoals:2 | Reached XP level 17. HP: 113/113 MP: 20/24
 19123 | Shoals:2 | 19123 ||| INVOKING Heroism.
 19250 | Shoals:2 | Reached skill level 9 in Armour
 19435 | Shoals:2 | 19435 ||| INVOKING Heroism.
 19562 | Shoals:2 | 19562 ||| INVOKING Heroism.
 19772 | Shoals:3 | 19772 ||| STAIRDANCE
 19880 | Shoals:3 | 19880 ||| STAIRDANCE
 20023 | Shoals:3 | Reached skill level 16 in Fighting
 20096 | Shoals:3 | 20096 ||| INVOKING Heroism.
 20097 | Shoals:3 | 20097 ||| INVOKING Finesse.
 20347 | Shoals:3 | 20347 ||| INVOKING Heroism.
 20348 | Shoals:3 | 20348 ||| INVOKING Finesse.
 20349 | Shoals:3 | 20349 ||| Stepping ~*~*~tactically~*~*~ (outnumbered).
 20648 | Shoals:3 | 20648 ||| PLANNING SNAKE:1-3
 20746 | Snake:1  | Entered Level 1 of the Snake Pit
 20806 | Snake:1  | Received a gift from Okawaru
 20860 | Snake:1  | 20860 ||| Stepping ~*~*~tactically~*~*~ (outnumbered).
 20862 | Snake:1  | 20862 ||| Stepping ~*~*~tactically~*~*~ (outnumbered).
 20952 | Snake:1  | Found Mamoru's Weapon Boutique.
 21000 | Snake:1  | 21000 ||| Stepping ~*~*~tactically~*~*~ (outnumbered).
 21002 | Snake:1  | 21002 ||| Stepping ~*~*~tactically~*~*~ (outnumbered).
 21003 | Snake:1  | 21003 ||| Stepping ~*~*~tactically~*~*~ (outnumbered).
 21035 | Snake:1  | 21035 ||| Stepping ~*~*~tactically~*~*~ (outnumbered).
 21037 | Snake:1  | 21037 ||| Stepping ~*~*~tactically~*~*~ (outnumbered).
 21041 | Snake:1  | 21041 ||| INVOKING Heroism.
 21601 | Snake:1  | 21601 ||| DROPPING +2 cloak.
 21619 | Snake:2  | Found Ifeinaiz's Self-Improvement Boutique.
 21681 | Snake:2  | Found Divilot's Antique Weapon Emporium.
 21685 | Snake:2  | 21685 ||| Stepping ~*~*~tactically~*~*~ (outnumbered).
 21687 | Snake:2  | 21687 ||| Stepping ~*~*~tactically~*~*~ (outnumbered).
 21696 | Snake:2  | 21696 ||| INVOKING Heroism.
 21698 | Snake:2  | 21698 ||| Stepping ~*~*~tactically~*~*~ (outnumbered).
 21712 | Snake:2  | Reached skill level 17 in Fighting
 21721 | Snake:2  | Noticed Vashnia
 21730 | Snake:2  | Killed Vashnia
 21738 | Snake:2  | Reached XP level 18. HP: 123/123 MP: 25/25
 21756 | Snake:2  | Found Sauf's Magic Scroll Shoppe.
 21756 | Snake:2  | Found Onneuf's Armour Emporium.
 21761 | Snake:2  | Found Otsad's Armour Shoppe.
 21770 | Snake:2  | 21770 ||| BUYING +2 pair of boots of the Valley {Will++}
                  | (426 gold).
 21770 | Snake:2  | Bought the +2 pair of boots of the Valley {Will++} for 426
                  | gold pieces
 21793 | Snake:2  | Received a gift from Okawaru
 22214 | Snake:2  | Noticed Aizul
 22215 | Snake:2  | 22215 ||| INVOKING Heroism.
 22216 | Snake:2  | 22216 ||| INVOKING Finesse.
 22228 | Snake:2  | Killed Aizul
 22410 | Snake:2  | 22410 ||| UPGRADING to +2 pair of boots of the Valley
                  | {Will++}.
 22420 | Snake:2  | 22420 ||| DROPPING +0 pair of boots.
 22840 | Snake:3  | 22840 ||| PLANNING SHOALS:4
 23018 | Shoals:4 | Entered Level 4 of the Shoals
 23032 | Shoals:4 | 23032 ||| INVOKING Heroism.
 23033 | Shoals:4 | 23033 ||| INVOKING Finesse.
 23033 | Shoals:4 | Noticed Mlioglotl
 23042 | Shoals:4 | Reached skill level 18 in Fighting
 23055 | Shoals:4 | Killed Mlioglotl
 23128 | Shoals:4 | 23128 ||| INVOKING Heroism.
 23130 | Shoals:4 | 23130 ||| Stepping ~*~*~tactically~*~*~ (outnumbered).
 23170 | Shoals:4 | 23170 ||| INVOKING Heroism.
 23171 | Shoals:4 | 23171 ||| INVOKING Finesse.
 23386 | Shoals:4 | 23386 ||| INVOKING Heroism.
 23387 | Shoals:4 | 23387 ||| INVOKING Finesse.
 23484 | Shoals:4 | Identified the +1 scale mail of Syppi {+Inv rPois rF-
                  | Slay+5} (Okawaru gifted it to you on level 4 of the Shoals)
 23484 | Shoals:4 | Received a gift from Okawaru
 23496 | Shoals:4 | Got a barnacled rune of Zot
 23541 | Shoals:4 | 23541 ||| INVOKING Heroism.
 23617 | Shoals:4 | 23617 ||| INVOKING Heroism.
 23621 | Shoals:4 | Reached skill level 12 in Dodging
 23680 | Shoals:4 | 23680 ||| INVOKING Heroism.
 23681 | Shoals:4 | 23681 ||| INVOKING Finesse.
 23728 | Shoals:4 | 23728 ||| Stepping ~*~*~tactically~*~*~ (outnumbered).
 23813 | Shoals:4 | 23813 ||| Stepping ~*~*~tactically~*~*~ (outnumbered).
 23874 | Shoals:4 | 23874 ||| INVOKING Heroism.
 23876 | Shoals:4 | 23876 ||| Stepping ~*~*~tactically~*~*~ (outnumbered).
 23921 | Shoals:4 | 23921 ||| INVOKING Heroism.
 24005 | Shoals:4 | 24005 ||| INVOKING Heroism.
 24006 | Shoals:4 | 24006 ||| Stepping ~*~*~tactically~*~*~ (outnumbered).
 24177 | Shoals:4 | 24177 ||| PLANNING VAULTS:1-4
 24177 | Shoals:4 | 24177 ||| DROPPING scarf of invisibility.
 24375 | Vaults:1 | Entered Level 1 of the Vaults
 24380 | Vaults:1 | 24380 ||| Stepping ~*~*~tactically~*~*~ (outnumbered).
 24453 | Vaults:1 | 24453 ||| FLEEEEING.
 24454 | Vaults:1 | 24454 ||| FLEEEEING.
 24455 | Vaults:1 | 24455 ||| FLEEEEING.
 24458 | Vaults:1 | 24458 ||| FLEEEEING.
 24459 | Vaults:1 | 24459 ||| FLEEEEING.
 24460 | Vaults:1 | 24460 ||| FLEEEEING.
 24517 | Vaults:1 | Found the +3 pair of mountain boots {steadfast, rC+}
 24810 | Vaults:1 | Identified the +1 robe of Cusecin {+Blink rF+ rN+ Slay+3}
 24958 | Vaults:1 | Reached skill level 19 in Fighting
 24992 | Vaults:1 | Found a portal to a secret trove of treasure.
 25036 | Vaults:1 | 25036 ||| INVOKING Heroism.
 25206 | Vaults:1 | Reached XP level 19. HP: 111/132 MP: 24/26
 25322 | Vaults:1 | 25322 ||| INVOKING Heroism.
 25413 | Vaults:1 | 25413 ||| INVOKING Heroism.
 25668 | Vaults:2 | 25668 ||| INVOKING Heroism.
 25711 | Vaults:2 | 25711 ||| FLEEEEING.
 25716 | Vaults:2 | 25716 ||| FLEEEEING.
 25867 | Vaults:2 | 25867 ||| INVOKING Heroism.
 25943 | Vaults:2 | 25943 ||| INVOKING Heroism.
 26013 | Vaults:2 | Found a runed translucent door.
 26095 | Vaults:2 | 26095 ||| FLEEEEING.
 26209 | Vaults:2 | Found a runed translucent door.
 26210 | Vaults:2 | Noticed Zonian's ghost (adept HOFi)
 26245 | Vaults:2 | Reached skill level 20 in Fighting
 26272 | Vaults:2 | 26272 ||| INVOKING Heroism.
 26274 | Vaults:2 | 26274 ||| Stepping ~*~*~tactically~*~*~ (outnumbered).
 26308 | Vaults:2 | 26308 ||| INVOKING Finesse.
 26336 | Vaults:2 | Reached skill level 12 in Armour
 26464 | Vaults:2 | Found a staircase to the Crypt.
 26577 | Vaults:2 | Noticed Mara
 26578 | Vaults:2 | 26578 ||| INVOKING Heroism.
 26579 | Vaults:2 | 26579 ||| INVOKING Finesse.
 26580 | Vaults:2 | Noticed qw's illusion
 26589 | Vaults:2 | Killed Mara
 26807 | Vaults:2 | 26807 ||| INVOKING Heroism.
 26808 | Vaults:2 | 26808 ||| INVOKING Finesse.
 26845 | Vaults:2 | Found Pefiqeve's Jewellery Boutique.
 26857 | Vaults:2 | 26857 ||| BUYING +6 ring of dexterity (684 gold).
 26857 | Vaults:2 | Bought a +6 ring of dexterity for 684 gold pieces
 26952 | Vaults:2 | 26952 ||| DROPPING scarf of shadows.
 26953 | Vaults:2 | 26953 ||| DROPPING +1 hat.
 26954 | Vaults:2 | 26954 ||| DROPPING ring of fire.
 26955 | Vaults:2 | 26955 ||| UPGRADING to +6 ring of dexterity.
 26957 | Vaults:2 | 26957 ||| DROPPING ring of protection from cold.
 26958 | Vaults:2 | 26958 ||| DROPPING +5 ring of evasion.
 26959 | Vaults:2 | 26959 ||| READING 20 scrolls of identify.
 26959 | Vaults:2 | 26959 ||| IDENTIFYING murky sapphire potion
 26995 | Vaults:3 | 26995 ||| STAIRDANCE
 27208 | Vaults:3 | 27208 ||| INVOKING Heroism.
 27209 | Vaults:3 | 27209 ||| INVOKING Finesse.
 27317 | Vaults:3 | 27317 ||| Stepping ~*~*~tactically~*~*~ (outnumbered).
 27319 | Vaults:3 | 27319 ||| Stepping ~*~*~tactically~*~*~ (outnumbered).
 27321 | Vaults:3 | 27321 ||| Stepping ~*~*~tactically~*~*~ (outnumbered).
 27323 | Vaults:3 | 27323 ||| Stepping ~*~*~tactically~*~*~ (outnumbered).
 27331 | Vaults:3 | Identified the +11 quick blade "Liliaj" {freeze, rElec
                  | Stlth+} (Okawaru gifted it to you on level 3 of the Vaults)
 27331 | Vaults:3 | Received a gift from Okawaru
 27339 | Vaults:3 | Reached XP level 20. HP: 121/140 MP: 23/27
 27339 | Vaults:3 | 27339 ||| FLEEEEING.
 27340 | Vaults:3 | 27340 ||| FLEEEEING.
 27476 | Vaults:3 | Found Ruihu's Magic Scroll Shoppe.
 27480 | Vaults:3 | 27480 ||| BUYING scroll of teleportation (51 gold).
 27480 | Vaults:3 | Bought a scroll of teleportation for 51 gold pieces
 27533 | Vaults:3 | Reached skill level 15 in Dodging
 27544 | Vaults:3 | 27544 ||| FLEEEEING.
 27545 | Vaults:3 | 27545 ||| FLEEEEING.
 27546 | Vaults:3 | 27546 ||| FLEEEEING.
 28276 | Vaults:3 | 28276 ||| DROPPING ring of magical power.
 28334 | Vaults:4 | 28334 ||| PLANNING BAZAAR
 28372 | Vaults:4 | Received a gift from Okawaru
 28382 | Vaults:4 | 28382 ||| DROPPING +2 heavy longbow.
 28390 | Vaults:4 | 28390 ||| Stepping ~*~*~tactically~*~*~ (outnumbered).
 28392 | Vaults:4 | 28392 ||| Stepping ~*~*~tactically~*~*~ (outnumbered).
 28396 | Vaults:4 | Reached ****** piety under Okawaru
 28495 | Vaults:4 | 28495 ||| FLEEEEING.
 28496 | Vaults:4 | 28496 ||| FLEEEEING.
 28497 | Vaults:4 | 28497 ||| FLEEEEING.
 28498 | Vaults:4 | 28498 ||| FLEEEEING.
 28499 | Vaults:4 | 28499 ||| FLEEEEING.
 28500 | Vaults:4 | 28500 ||| FLEEEEING.
 28501 | Vaults:4 | 28501 ||| FLEEEEING.
 28502 | Vaults:4 | 28502 ||| FLEEEEING.
 28503 | Vaults:4 | 28503 ||| FLEEEEING.
 28504 | Vaults:4 | 28504 ||| FLEEEEING.
 28505 | Vaults:4 | 28505 ||| FLEEEEING.
 28661 | Vaults:4 | 28661 ||| Stepping ~*~*~tactically~*~*~ (outnumbered).
 28745 | Vaults:4 | 28745 ||| Stepping ~*~*~tactically~*~*~ (outnumbered).
 28747 | Vaults:4 | 28747 ||| Stepping ~*~*~tactically~*~*~ (outnumbered).
 28749 | Vaults:4 | 28749 ||| Stepping ~*~*~tactically~*~*~ (outnumbered).
 28753 | Vaults:4 | 28753 ||| Stepping ~*~*~tactically~*~*~ (outnumbered).
 28755 | Vaults:4 | 28755 ||| Stepping ~*~*~tactically~*~*~ (outnumbered).
 28772 | Vaults:4 | 28772 ||| Stepping ~*~*~tactically~*~*~ (outnumbered).
 28773 | Vaults:4 | 28773 ||| Stepping ~*~*~tactically~*~*~ (outnumbered).
 28792 | Vaults:4 | 28792 ||| INVOKING Heroism.
 28820 | Vaults:4 | Reached skill level 21 in Fighting
 29056 | Vaults:4 | 29056 ||| RIP BAZAAR
 29128 | Vaults:4 | 29128 ||| PLANNING VAULTS:1-4
 29367 | Vaults:4 | 29367 ||| PLANNING SNAKE:4
 29690 | Snake:4  | Entered Level 4 of the Snake Pit
 29690 | Snake:4  | Found an ancient bone altar of Kikubaaqudgha.
 29770 | Snake:4  | 29770 ||| Stepping ~*~*~tactically~*~*~ (outnumbered).
 29772 | Snake:4  | 29772 ||| Stepping ~*~*~tactically~*~*~ (outnumbered).
 29774 | Snake:4  | 29774 ||| Stepping ~*~*~tactically~*~*~ (outnumbered).
 29776 | Snake:4  | 29776 ||| Stepping ~*~*~tactically~*~*~ (outnumbered).
 29825 | Snake:4  | 29825 ||| Stepping ~*~*~tactically~*~*~ (outnumbered).
 29829 | Snake:4  | Reached XP level 21. HP: 148/148 MP: 28/28
 29901 | Snake:4  | Received a gift from Okawaru
 29909 | Snake:4  | Received a gift from Okawaru
 29973 | Snake:4  | 29973 ||| Stepping ~*~*~tactically~*~*~ (outnumbered).
 29974 | Snake:4  | 29974 ||| Stepping ~*~*~tactically~*~*~ (outnumbered).
 30030 | Snake:4  | 30030 ||| Stepping ~*~*~tactically~*~*~ (outnumbered).
 30066 | Snake:4  | 30066 ||| Stepping ~*~*~tactically~*~*~ (outnumbered).
 30071 | Snake:4  | 30071 ||| Stepping ~*~*~tactically~*~*~ (outnumbered).
 30073 | Snake:4  | 30073 ||| Stepping ~*~*~tactically~*~*~ (outnumbered).
 30075 | Snake:4  | 30075 ||| Stepping ~*~*~tactically~*~*~ (outnumbered).
 30108 | Snake:4  | Got a serpentine rune of Zot
 30506 | Snake:4  | 30506 ||| PLANNING DEPTHS
 30506 | Snake:4  | 30506 ||| DROPPING +0 pair of boots of flying.
 30714 | Depths:1 | Entered Level 1 of the Depths
 30715 | Depths:1 | 30715 ||| PLANNING WIZLAB
 30738 | Depths:1 | 30738 ||| INVOKING Heroism.
 30739 | Depths:1 | 30739 ||| INVOKING Finesse.
 30821 | Depths:1 | 30821 ||| INVOKING Heroism.
 30906 | Depths:1 | Noticed a caustic shrike
 30907 | Depths:1 | 30907 ||| INVOKING Heroism.
 30908 | Depths:1 | 30908 ||| INVOKING Finesse.
 30908 | Depths:1 | Noticed a caustic shrike
 30910 | Depths:1 | Killed a caustic shrike
 30910 | Depths:1 | Noticed a caustic shrike
 30919 | Depths:1 | Killed a caustic shrike
 30920 | Depths:1 | Reached skill level 22 in Fighting
 30923 | Depths:1 | Killed a caustic shrike
 30928 | Depths:1 | 30928 ||| Stepping ~*~*~tactically~*~*~ (cloud).
 30930 | Depths:1 | 30930 ||| Stepping ~*~*~tactically~*~*~ (cloud).
 30987 | Depths:1 | Found a gateway to Hell.
 31061 | Depths:1 | 31061 ||| Stepping ~*~*~tactically~*~*~ (outnumbered).
 31071 | Depths:1 | 31071 ||| FLEEEEING.
 31097 | Depths:1 | Identified the +2 ring mail of Charity {Str+2 Slay+2}
 31111 | Depths:1 | 31111 ||| INVOKING Heroism.
 31112 | Depths:1 | 31112 ||| INVOKING Finesse.
 31114 | Depths:1 | Identified the +1 ring mail of Tomorrow {Rampage rPois
                  | SInv} (Okawaru gifted it to you on level 1 of the Depths)
 31114 | Depths:1 | Received a gift from Okawaru
 31165 | Depths:1 | 31165 ||| INVOKING Heroism.
 31228 | Depths:1 | 31228 ||| INVOKING Heroism.
 31229 | Depths:1 | 31229 ||| INVOKING Finesse.
 31285 | Depths:1 | Identified the ring "Leraleq" {rPois rCorr Str-5 Int+4
                  | Dex+3}
 31308 | Depths:1 | Identified the +9 scale mail of Free Will {rC- Dex+5
                  | Stlth+}
 31358 | Depths:1 | 31358 ||| INVOKING Heroism.
 31359 | Depths:1 | 31359 ||| INVOKING Finesse.
 31447 | Depths:1 | Found a one-way gateway to a ziggurat.
 31488 | Depths:1 | 31488 ||| RIP WIZLAB
 31502 | Depths:1 | 31502 ||| PLANNING DEPTHS
 31855 | Depths:1 | 31855 ||| INVOKING Heroism.
 31856 | Depths:1 | 31856 ||| INVOKING Finesse.
 32249 | Depths:1 | Paralysed by a floating eye for 4 turns
 32259 | Depths:1 | Paralysed by a floating eye for 3 turns
 32265 | Depths:1 | Paralysed by a floating eye for 4 turns
 32290 | Depths:2 | 32290 ||| INVOKING Heroism.
 32299 | Depths:2 | Reached skill level 18 in Dodging
 32331 | Depths:2 | 32331 ||| INVOKING Heroism.
 32339 | Depths:2 | Noticed Saint Roka
 32345 | Depths:2 | Killed Saint Roka
 32346 | Depths:2 | Reached XP level 22. HP: 138/156 MP: 29/29
 32442 | Depths:2 | 32442 ||| INVOKING Heroism.
 32601 | Depths:2 | Found a one-way gate leading to the halls of Pandemonium.
 32610 | Depths:2 | 32610 ||| INVOKING Heroism.
 32853 | Depths:2 | 32853 ||| INVOKING Heroism.
 32923 | Depths:2 | 32923 ||| Stepping ~*~*~tactically~*~*~ (outnumbered).
 32932 | Depths:2 | Reached skill level 23 in Fighting
 32960 | Depths:2 | 32960 ||| INVOKING Heroism.
 33072 | Depths:2 | 33072 ||| INVOKING Heroism.
 33151 | Depths:2 | 33151 ||| INVOKING Heroism.
 33283 | Depths:2 | 33283 ||| Stepping ~*~*~tactically~*~*~ (outnumbered).
 33285 | Depths:2 | 33285 ||| INVOKING Heroism.
 33293 | Depths:2 | 33293 ||| Stepping ~*~*~tactically~*~*~ (outnumbered).
 33406 | Depths:2 | Found a viscous altar of Jiyva.
 33480 | Depths:2 | 33480 ||| DROPPING +0 pair of gloves of infusion.
 33481 | Depths:2 | 33481 ||| DROPPING ring of protection from fire.
 33531 | Depths:3 | 33531 ||| INVOKING Heroism.
 33532 | Depths:3 | 33532 ||| INVOKING Finesse.
 33533 | Depths:3 | 33533 ||| INVOKING Finesse.
 33617 | Depths:3 | 33617 ||| INVOKING Heroism.
 33685 | Depths:3 | Found a corrupted altar of Lugonu.
 33686 | Depths:3 | Found a one-way gate to the infinite horrors of the Abyss.
 33725 | Depths:3 | Found an ancient bone altar of Kikubaaqudgha.
 33734 | Depths:3 | 33734 ||| INVOKING Heroism.
 33747 | Depths:3 | 33747 ||| Stepping ~*~*~tactically~*~*~ (outnumbered).
 33854 | Depths:3 | 33854 ||| INVOKING Heroism.
 34205 | Depths:3 | 34205 ||| INVOKING Heroism.
 34484 | Depths:3 | 34484 ||| INVOKING Heroism.
 34490 | Depths:3 | Received a gift from Okawaru
 34491 | Depths:3 | Noticed a juggernaut
 34499 | Depths:3 | Killed a juggernaut
 34504 | Depths:3 | 34504 ||| INVOKING Finesse.
 34579 | Depths:3 | 34579 ||| INVOKING Heroism.
 34580 | Depths:3 | Noticed a caustic shrike
 34583 | Depths:3 | Noticed a juggernaut
 34584 | Depths:3 | Killed a caustic shrike
 34587 | Depths:3 | Killed a juggernaut
 34612 | Depths:3 | Noticed a golden dragon
 34616 | Depths:3 | Killed a golden dragon
 34617 | Depths:3 | Reached XP level 23. HP: 165/166 MP: 30/30
 34646 | Depths:3 | 34646 ||| Stepping ~*~*~tactically~*~*~ (outnumbered).
 34648 | Depths:3 | 34648 ||| Stepping ~*~*~tactically~*~*~ (outnumbered).
 34651 | Depths:3 | 34651 ||| INVOKING Heroism.
 34652 | Depths:3 | 34652 ||| Stepping ~*~*~tactically~*~*~ (outnumbered).
 34660 | Depths:3 | 34660 ||| INVOKING Finesse.
 34705 | Depths:3 | Found a large runed translucent door.
 34705 | Depths:3 | Found a large runed translucent door.
 34708 | Depths:3 | Noticed qw's ghost (veteran GrFi)
 35001 | Depths:3 | 35001 ||| DROPPING +2 cloak.
 35071 | Depths:4 | Entered Level 4 of the Depths
 35093 | Depths:4 | Reached skill level 24 in Fighting
 35094 | Depths:4 | 35094 ||| INVOKING Heroism.
 35127 | Depths:4 | 35127 ||| INVOKING Heroism.
 35205 | Depths:4 | Found a sparkling altar of Nemelex Xobeh.
 35271 | Depths:4 | 35271 ||| INVOKING Heroism.
 35316 | Depths:4 | Noticed a juggernaut
 35319 | Depths:4 | 35319 ||| INVOKING Heroism.
 35320 | Depths:4 | 35320 ||| Stepping ~*~*~tactically~*~*~ (outnumbered).
 35326 | Depths:4 | Killed a juggernaut
 35327 | Depths:4 | Reached skill level 15 in Armour
 35393 | Depths:4 | 35393 ||| INVOKING Heroism.
 35515 | Depths:4 | 35515 ||| FLEEEEING.
 35516 | Depths:4 | 35516 ||| FLEEEEING.
 35517 | Depths:4 | 35517 ||| FLEEEEING.
 35518 | Depths:4 | 35518 ||| FLEEEEING.
 35519 | Depths:4 | 35519 ||| FLEEEEING.
 35560 | Depths:4 | 35560 ||| Stepping ~*~*~tactically~*~*~ (outnumbered).
 35562 | Depths:4 | 35562 ||| Stepping ~*~*~tactically~*~*~ (outnumbered).
 35632 | Depths:4 | 35632 ||| INVOKING Heroism.
 35633 | Depths:4 | 35633 ||| Stepping ~*~*~tactically~*~*~ (outnumbered).
 35645 | Depths:4 | Found a gate to the Realm of Zot.
 35698 | Depths:4 | 35698 ||| INVOKING Heroism.
 35780 | Depths:4 | Noticed a golden dragon
 35781 | Depths:4 | 35781 ||| INVOKING Heroism.
 35789 | Depths:4 | Killed a golden dragon
 35806 | Depths:4 | 35806 ||| INVOKING Heroism.
 35908 | Depths:4 | 35908 ||| INVOKING Heroism.
 36318 | Depths:4 | 36318 ||| PLANNING VAULTS:5
 36318 | Depths:4 | 36318 ||| UPGRADING to amulet of faith.
 36555 | Vaults:5 | Entered Level 5 of the Vaults
 36564 | Vaults:5 | 36564 ||| INVOKING Heroism.
 36569 | Vaults:5 | Reached skill level 25 in Fighting
 36573 | Vaults:5 | 36573 ||| INVOKING Finesse.
 36577 | Vaults:5 | Received a gift from Okawaru
 36580 | Vaults:5 | Noticed an ancient lich
 36584 | Vaults:5 | Noticed Bai Suzhen
 36588 | Vaults:5 | Identified the amulet "Qoskeump" {Rampage rPois Regen+
                  | Slay-6}
 36592 | Vaults:5 | Received a gift from Okawaru
 36602 | Vaults:5 | HP: 35/170 [vault guard/+0 great sword (12)]
 36603 | Vaults:5 | 36603 ||| READING 10 scrolls of teleportation.
 36604 | Vaults:5 | 36604 ||| DRINKING 6 potions of heal wounds.
 36605 | Vaults:5 | 36605 ||| DRINKING 5 potions of heal wounds.
 36607 | Vaults:5 | 36607 ||| STAIRDANCE
 36654 | Vaults:5 | 36654 ||| INVOKING Heroism.
 36658 | Vaults:5 | Received a gift from Okawaru
 36671 | Vaults:5 | 36671 ||| INVOKING Finesse.
 36688 | Vaults:5 | Reached XP level 24. HP: 176/176 MP: 16/30
 36718 | Vaults:5 | 36718 ||| INVOKING Heroism.
 36777 | Vaults:5 | 36777 ||| DROPPING +4 triple crossbow of freezing.
 36778 | Vaults:5 | 36778 ||| UPGRADING to +5 triple crossbow of freezing.
 36779 | Vaults:5 | 36779 ||| DROPPING +4 triple crossbow of Resumed
                  | Hostilities {penet, rN+ Int+4}.
 36780 | Vaults:5 | 36780 ||| READING scroll of enchant weapon.
 36780 | Vaults:5 | 36780 ||| ENCHANTING +5 triple crossbow of freezing.
 36792 | Vaults:5 | 36792 ||| INVOKING Heroism.
 36796 | Vaults:5 | 36796 ||| INVOKING Finesse.
 36810 | Vaults:5 | Killed an ancient lich
 36840 | Vaults:5 | 36840 ||| INVOKING Heroism.
 36890 | Vaults:5 | 36890 ||| INVOKING Heroism.
 36924 | Vaults:5 | 36924 ||| READING scroll of enchant weapon.
 36924 | Vaults:5 | 36924 ||| ENCHANTING +6 triple crossbow of freezing.
 36966 | Vaults:5 | 36966 ||| Stepping ~*~*~tactically~*~*~ (outnumbered).
 36971 | Vaults:5 | Reached skill level 26 in Fighting
 37067 | Vaults:5 | Killed Bai Suzhen
 37070 | Vaults:5 | 37070 ||| INVOKING Heroism.
 37156 | Vaults:5 | 37156 ||| READING scroll of enchant weapon.
 37156 | Vaults:5 | 37156 ||| ENCHANTING +7 triple crossbow of freezing.
 37171 | Vaults:5 | Identified the staff of cold "Wyir Enn" {*Slow rF+ rC+ rN++
                  | SInv}
 37340 | Vaults:5 | Identified the +1 chain mail "Valeug" {rN++}
 37343 | Vaults:5 | Got a silver rune of Zot
 37404 | Vaults:5 | Received a gift from Okawaru
 37467 | Vaults:5 | Found the +3 robe of Clouds {*Thunder rCloud rElec}
 37471 | Vaults:5 | Identified the +9 plate armour of Ahiadat {Dex+3}
 37508 | Vaults:5 | 37508 ||| INVOKING Heroism.
 37783 | Vaults:5 | Identified the ring "Erralatz" {*Slow rF+ Str+5 Slay+4}
 37833 | Vaults:5 | 37833 ||| PLANNING SHOPPING SPREE
 37833 | Vaults:5 | 37833 ||| DROPPING +2 pair of boots.
 37834 | Vaults:5 | 37834 ||| DROPPING +2 pair of boots.
 38452 | D:8      | 38452 ||| BUYING potion of mutation (96 gold).
 38452 | D:8      | Bought a potion of mutation for 96 gold pieces
 38486 | D:8      | 38486 ||| PLANNING ZOT:1-4
 38758 | Zot:1    | Entered Level 1 of the Realm of Zot
 38759 | Zot:1    | 38759 ||| INVOKING Heroism.
 38760 | Zot:1    | 38760 ||| ZAPPING wand of digging (5).
 38761 | Zot:1    | 38761 ||| ZAPPING wand of digging (4).
 38771 | Zot:1    | Noticed Grunn
 38772 | Zot:1    | 38772 ||| INVOKING Finesse.
 38793 | Zot:1    | 38793 ||| STAIRDANCE
 38793 | Zot:1    | HP: 38/178 [doom hound[Grunn] (24)]
 38795 | Depths:4 | 38795 ||| READING 9 scrolls of teleportation.
 38795 | Depths:4 | Mangled by a doom hound

Levels and vault maps discovered:
D:1:      denvon_arrival_planthouse, layout_basic
D:2:      layout_basic, dreamdust_ecumenical_altar_statues, serial_shops, shop,
          basic_altar, corexii_leaking_fountain, kennysheep_potato
D:3:      layout_loops_ring, regret_index_temple_of_mockery,
          gup_sewer_entry_glass, serial_bayou_ford_a, minmay_misc_feat_five,
          uniq_jessica, uniq_ijyb, uniq_grinder
D:4:      layout_loops_ring, kennysheep_little_box, grunt_gozag_statues,
          temple_statues, minmay_liquid_box
D:5:      black_bear_nest_2, layout_basic, nicolae_dithmenos_shadow_blocks,
          overflow_temple_1_default, gammafunk_temple_overflow_statue,
          serial_shops, shop
D:6:      layout_basic, lemuel_round_altar
D:7:      layout_basic, mainiacjoe_overflow_cross_hatched,
          nicolae_ossuary_entry_monument, minmay_fire_ice_demons, uniq_menkaure
D:8:      layout_basic, serial_shops, shop, minivault_25,
          nicolae_transmutations_shop, hangedman_decor_opposing
D:9:      layout_irregular_city, nicolae_vehumet_altar_sigil
D:10:     layout_basic
D:11:     layout_stronghold, due_lair_maze_entry_diamond, david_orc_3,
          serial_shops, nicolae_shop_stone, due_unseen_surprise
D:12:     layout_roguey, uniq_rupert
D:13:     layout_irregular_city, erik_vaults_2, uniq_urug
D:14:     layout_irregular_city, nicolae_uskayaw_dance_hall,
          portal_ice_cave_entry_ice_statue_one
D:15:     gammafunk_depths_entry_grave, layout_cave_pods,
          nicolae_hepliaklqana_hippocampus
Temple:   hellmonk_temple_divided_pantheon
Lair:1:   layout_cave_pods, uniq_prince_ribbit2, uniq_erica
Lair:2:   layout_concentric_octagons, dummy_snake_entry
Lair:3:   nzn_winding_woodlands_three_and_one
          [nzn_winding_woodlands_5x15_zeroes,
          nzn_winding_woodlands_5x15_longhouse,
          nzn_winding_woodlands_5x15_parted,
          nzn_winding_woodlands_center_garden], layout_hall_layers,
          elwin_shoals_entry_rocks, enter_volcano_4, roderic_batcave,
          nicolae_lair_lakeside_cave
Lair:4:   layout_loops_ring, serial_forest, infiniplex_forest_zigzag_2,
          infiniplex_forest_clump_small, infiniplex_forest_corner_1,
          infiniplex_forest_end_2, infiniplex_forest_lined_2, wad_woods_01
Lair:5:   grunt_lair_end_beastmaster, layout_misc_corridors,
          nicolae_slime_entry_slimehenge, dpeg_oklob_1
Shoals:1: layout_shoals, wheals_shoals_ruined_temple, uniq_donald
Shoals:2: layout_shoals, uniq_jorgrun
Shoals:3: layout_shoals
Shoals:4: shoals_end_hangedman, layout_shoals, uniq_mlioglotl
Snake:1:  layout_honeycomb, serial_shops, shop, nicolae_snake_omega,
          serial_bayou_shore_b
Snake:2:  layout_layer_cave, nicolae_shop_self_help, minmay_shoptagon,
          uniq_vashnia, uniq_aizul
Snake:3:  layout_rooms, library_closet, drop_trap
Snake:4:  minmay_snake_end_coiled, layout_rooms, basic_altar, serial_curves,
          eino_curves_04, eino_curves_03
Orc:1:    layout_caves, ebering_ghost_inner_flame
Orc:2:    grunt_orc_gardens, layout_caves, grunt_orc_garden, grunt_orc_garden,
          grunt_orc_garden, grunt_orc_garden, uniq_azrael, uniq_josephine
Vaults:1: nicolae_vaults_trapezoid_lopsided_1, grunt_vaults_hallway_short,
          nicolae_vaults_closet_pinwheel_1, nicolae_vaults_six-pack,
          nicolae_vaults_storage_closets_1, ontoclasm_vaults_eye,
          nicolae_vaults_trapezoid_lopsided_3, layout_vaults_omnigrid,
          enter_trove_0
Vaults:2: gammafunk_ghost_grave, nicolae_vaults_oozy_zoo,
          nicolae_vaults_network_quincunx
          [nicolae_vaults_network_quincunx_subvault,
          nicolae_vaults_network_quincunx_subvault,
          nicolae_vaults_network_quincunx_subvault,
          nicolae_vaults_network_quincunx_subvault,
          nicolae_vaults_network_quincunx_subvault],
          minmay_crypt_entry_simple_box, nicolae_vaults_what_the_h,
          hangedman_vaults_impose, nicolae_vaults_frosty_reception, v_misc_4,
          vaults_room_door_hall, nicolae_vaults_big_ls,
          hangedman_vaults_stretched_pinwheel, layout_vaults_maze, serial_shops,
          nicolae_shop_gaudy_bauble, uniq_mara
Vaults:3: ontoclasm_vaults_pinch, nicolae_vaults_more_shelving_2,
          hangedman_vaults_slice, grunt_vaults_bifocal, v_misc_10,
          ontoclasm_vaults_gateway, hangedman_vaults_cutoff,
          vaults_mumra_minichess, ontoclasm_vaults_twist,
          nicolae_vaults_closet_pinwheel_1, nicolae_vaults_shelves_hall,
          layout_vaults_omnicross, serial_shops,
          nicolae_shop_tiny_real_fake_doors
Vaults:4: vaults_room_octagon, hangedman_vaults_cutoff,
          nicolae_vaults_circle_grid_a, nicolae_vaults_offset_grid_hallway_3,
          nicolae_vaults_storage_closets_2, nicolae_vaults_network_quinsquares
          [nicolae_vaults_network_quincunx_subvault,
          nicolae_vaults_network_quincunx_subvault,
          nicolae_vaults_network_quincunx_subvault,
          nicolae_vaults_network_quincunx_subvault],
          nicolae_vaults_trapezoid_lopsided_2, ontoclasm_vaults_ligature,
          hangedman_vaults_slice, layout_vaults_ring, serial_shops, freezing_bzr
Vaults:5: uniq_bai_suzhen
Depths:1: layout_gridlike, enter_ziggurat_c, minmay_misc_feat_doors,
          hellmouth_1, mu_enter_wizlab_5, horrible_house_mu
Depths:2: wad_guarded_room, layout_cave_shapes, chequers_hall_statues_corner_a,
          hangedman_geh_valley, rand_demon_pan_entry_5, special_room
          [special_room_jelly], uniq_saint_roka
Depths:3: hangedman_cross_veins, layout_cave_shapes,
          ebering_ghost_disaster_area, grunt_pan_entry_spiral,
          abyss_entry_flame_altar, hell_entry,
          nicolae_kikubaaqudgha_miasma_corner
Depths:4: grunt_zot_entry_hairpin, layout_gridlike, nemelex_spade_bored_becter,
          hell_entry, grunt_megastairs_4
Zot:1:    lemuel_draconian_sentries, layout_misc_corridors, grunt_megastairs_3,
          uniq_grunn

Skill      XL: |  1  2  3  4  5  6  7  8  9 10 11 12 13 14 15 16 17 18 19 20 21 22 23 24 |
---------------+-------------------------------------------------------------------------+-----
Armour         | 1 2 3 4 5 7 8 9 11 12 13 14 15 16 | 16.0
Ranged Weapons | 5 7 8 10 11 13 14 15 18 19 20 21 22 | 22.0
Fighting       | 3 4 5 6 8 9 10 11 13 14 15 17 19 20 21 22 23 25 26 | 26.0
Dodging        | 2 3 4 5 6 7 8 10 11 12 14 16 18 19 20 | 20.2
Invocations    | 4 7 10 | 10.0
Stealth        | |  1.1

Action                     |  1- 3 |  4- 6 |  7- 9 | 10-12 | 13-15 | 16-18 | 19-21 | 22-24 || total
---------------------------+-------+-------+-------+-------+-------+-------+-------+-------++-------
   Fire: Shortbow          |    95 |    10 |       |       |       |       |       |       ||   105
         Longbow           |       |    44 |   220 |   450 |       |       |       |       ||   714
         Triple crossbow   |       |       |       |    36 |   681 |  1043 |   963 |   813 ||  3536
 Invoke: Heroism           |       |       |     1 |    13 |    24 |    31 |    20 |    34 ||   123
         Finesse           |       |       |       |     1 |     8 |    10 |    10 |     7 ||    36
  Evoke: Wand              |       |       |       |       |       |       |       |     2 ||     2
    Use: Scroll            |     6 |     4 |    14 |     7 |       |     1 |     1 |     5 ||    38
         Potion            |       |     1 |     2 |     3 |     1 |     2 |       |     2 ||    11
 Armour: Leather armour    |     3 |       |       |       |       |       |       |       ||     3
         Ring mail         |    17 |    20 |    29 |    21 |       |       |       |       ||    87
         Troll leather arm |       |       |       |   124 |   287 |   216 |   140 |   212 ||   979
  Dodge: Dodged            |    30 |    12 |    33 |   186 |   351 |   698 |   425 |   887 ||  2622
  Block: Other             |       |       |       |       |       |   100 |    92 |    54 ||   246
         Reflection        |       |       |       |       |       |    12 |    20 |     2 ||    34

Table legend:
 A = Non-vault XP
 B = Vault XP
 C = Vault XP percentage of total XP
 D = Non-vault monster count
 E = Vault monster count
 F = Vault count percentage of total count
                 A         B        C        D         E       F
            +---------+---------+-------+---------+---------+-------
      Total |  504124 |  396583 |  44.0 |    1102 |     602 |  35.3
            +---------+---------+-------+---------+---------+-------
        D:1 |      23 |       0 |   0.0 |      15 |       0 |   0.0
        D:2 |      40 |       3 |   7.0 |       8 |       2 |  20.0
        D:3 |     139 |     379 |  73.2 |      24 |       7 |  22.6
        D:4 |     247 |       0 |   0.0 |      14 |       0 |   0.0
        D:5 |     540 |     133 |  19.8 |      10 |       1 |   9.1
        D:6 |     777 |       0 |   0.0 |      17 |       0 |   0.0
        D:7 |     881 |     233 |  20.9 |      23 |       3 |  11.5
        D:8 |    2558 |       0 |   0.0 |      30 |       0 |   0.0
        D:9 |    3212 |       0 |   0.0 |      17 |       0 |   0.0
       D:10 |    6349 |       0 |   0.0 |      36 |       0 |   0.0
       D:11 |    3237 |    2200 |  40.5 |      16 |      16 |  50.0
       D:12 |    3773 |    1798 |  32.3 |      18 |       1 |   5.3
       D:13 |    7047 |    7773 |  52.4 |      18 |       9 |  33.3
       D:14 |    9084 |     481 |   5.0 |      19 |       1 |   5.0
       D:15 |   22232 |    5030 |  18.5 |      37 |       8 |  17.8
     Lair:1 |    4332 |    2145 |  33.1 |      23 |       6 |  20.7
     Lair:2 |    6595 |       0 |   0.0 |      28 |       0 |   0.0
     Lair:3 |    7159 |   14059 |  66.3 |      23 |      50 |  68.5
     Lair:4 |    6769 |    1320 |  16.3 |      22 |       6 |  21.4
     Lair:5 |   14366 |   12012 |  45.5 |      48 |      28 |  36.8
   Shoals:1 |   11699 |    3046 |  20.7 |      19 |       3 |  13.6
   Shoals:2 |   25101 |    1822 |   6.8 |      47 |       1 |   2.1
   Shoals:3 |   11573 |       0 |   0.0 |      20 |       0 |   0.0
   Shoals:4 |   12034 |   18528 |  60.6 |      28 |      29 |  50.9
    Snake:1 |   10938 |    5394 |  33.0 |      23 |      10 |  30.3
    Snake:2 |   14715 |    6296 |  30.0 |      33 |       5 |  13.2
    Snake:3 |    5659 |       0 |   0.0 |      12 |       0 |   0.0
    Snake:4 |   32953 |   21354 |  39.3 |      78 |      39 |  33.3
      Orc:1 |    2012 |       0 |   0.0 |      15 |       0 |   0.0
      Orc:2 |    1678 |   12481 |  88.1 |      31 |      39 |  55.7
   Vaults:1 |   21892 |    8310 |  27.5 |      30 |      11 |  26.8
   Vaults:2 |   21924 |   35926 |  62.1 |      32 |      48 |  60.0
   Vaults:3 |   29460 |   21200 |  41.8 |      45 |      30 |  40.0
   Vaults:4 |   44859 |   10574 |  19.1 |      66 |      14 |  17.5
   Vaults:5 |   23485 |  101662 |  81.2 |      36 |      96 |  72.7
   Depths:1 |   38747 |    6759 |  14.9 |      36 |      12 |  25.0
   Depths:2 |   34706 |   35839 |  50.8 |      42 |      45 |  51.7
   Depths:3 |   23856 |   34366 |  59.0 |      31 |      30 |  49.2
   Depths:4 |   31081 |   23570 |  43.1 |      27 |      23 |  46.0
      Zot:1 |    6392 |    1015 |  13.7 |       5 |       1 |  16.7
      Sewer |       0 |     875 | 100.0 |       0 |      28 | 100.0
            +---------+---------+-------+---------+---------+-------
